 Dungeon Crawl Stone Soup version 0.31-a0-844-gdc52ec4e09 (webtiles) character file.

Game seed: 5281218153937016962

106 Kurtz the Chopper (level 4, -3/31 HPs)
             Began as an Octopode Fighter on Sept 30, 2023.
             Succumbed to an orc wizard's poison
             ... on level 3 of the Dungeon.
             The game lasted 00:01:08 (2021 turns).

Kurtz the Chopper (Octopode Fighter)                Turns: 2021, Time: 00:01:09

Health: -3/31      AC:  3    Str: 12 (15) XL:     4   Next: 84%
Magic:  4/4        EV: 13    Int:  7 (10) God:
Gold:   124        SH:  4    Dex: 12 (13) Spells: 3/3 levels left

rFire   . . .        a - +0 war axe
rCold   . . .        b - +0 buckler
rNeg    . . .        (helmet restricted)
rPois   .            (no amulet)
rElec   .            (no ring)
rCorr   .            (no ring)
SInv    .            (no ring)
Will    +....        (no ring)
Stlth   ++           (no ring)
HPRegen 0.25/turn    (no ring)
MPRegen 0.09/turn    (no ring)
                     (no ring)

%: no passive effects
@: brilliant, lethally poisoned (-3 -> -25), enlightened, flying
A: almost no armour, amphibious, 8 rings, camouflage 1, gelatinous body 1,
(nimble swimmer 1), tentacles, iridescent scales 1, MP-powered wands
a: no special abilities


You were on level 3 of the Dungeon.
You visited 1 branch of the dungeon, and saw 3 of its levels.

You collected 124 gold pieces.

Inventory:

Hand Weapons
 a - a +0 war axe (weapon)
Missiles
 i - 7 poisoned darts
Armour
 b - a +0 buckler (worn)
Jewellery
 g - an amulet of the acrobat
 l - a +6 ring of strength
 p - a ring of positive energy
Scrolls
 d - a scroll of teleportation {unknown}
 e - 4 scrolls of silence {unknown}
 f - a scroll of blinking {unknown}
 j - a scroll of enchant armour {unknown}
 k - a scroll of enchant weapon {unknown}
 s - 2 scrolls of vulnerability {unknown}
Potions
 c - a potion of might
 h - a potion of magic


   Skills:
 * Level 3.1 Fighting
 * Level 4.7 Axes
 - Level 3.0 Dodging
 - Level 3.0 Shields


You had 3 spell levels left.
You didn't know any spells.
Your spell library contained the following spells:

 Spells                   Type           Power      Damage    Failure   Level
 Haunt                    Necr/Summ      0%         N/A       100%        7
 Borgnjor's Revivificati  Necr           0%         N/A       100%        8
 Death's Door             Necr           0%         N/A       100%        9


Dungeon Overview and Level Annotations

Branches:
Dungeon (3/15)

Altars:

Shops:
D:2 [


Innate Abilities, Weirdness & Mutations

You cannot wear most types of armour.
You are amphibious.
You can wear up to eight rings at the same time.
Your skin changes colour to match your surroundings (Stealth+).
Your rubbery body absorbs attacks. (AC +1, EV +1)
((You are camouflaged when in or above water. (Stealth+)))
You have tentacles for arms and can constrict up to eight enemies at once.
You are partially covered in iridescent scales. (AC +2)
You expend magic power (3 MP) to strengthen your wands.


Message History

You feel very sick. Something hits you.
You hit something but do no damage.
You feel sick. Something hits you.
You barely miss something.
You feel sick. Something hits you.
You are more poisoned.
Something hits you but does no damage.
You are lethally poisoned!
You hit something. Your squeeze misses something.
You feel very sick. Something hits you but does no damage.
You are more poisoned.
It was a potion of heal wounds.
You feel much better.
You feel very sick. Something barely misses you.
It was a potion of degeneration.
There was something very wrong with that liquid.
You feel weakened.
You feel dopey.
You feel clumsy.
You feel very sick. Something hits you.
It was a potion of mutation.
You feel extremely strange.
You feel your magical essence link to the dungeon's wands.
Iridescent scales grow over part of your body.
You feel very sick. Something hits you but does no damage.
You are lethally poisoned!
It was a potion of enlightenment.
You feel very buoyant.
You fly up into the air.
You feel very sick. Something hits you.
You are more poisoned.
It was a potion of brilliance.
You feel clever all of a sudden.
* * * LOW HITPOINT WARNING * * *
You feel very sick.
You hear some strange, mumbled words.
Something tries to affect you, but you resist.
Unknown command.
Okay, then.
You closely miss something. Your squeeze misses something.
You die...

.. #)# .. ..##
....... .#..<#.
....[.. .......
####{..#.#
#..@)....#
#.#.#...... #.#.#
.#.#. #.#.# #
###### #######.#.#
.....# #.......#.#
####.# #.#######..
.....###'#########
#####..........#


There were no monsters in sight!

Vanquished Creatures
  An orc wizard (D:3)
  2 adders (D:2)
  2 dart slugs (D:1)
  2 orcs (D:3)
  4 bats (D:1)
  7 endoplasms
  9 goblins
  6 hobgoblins
  7 jackals
  2 kobolds (D:1)
  A quokka (D:2)
  4 ball pythons (D:1)
  A frilled lizard (D:1)
  A spectral goblin (D:2)
49 creatures vanquished.

Notes
Turn   | Place    | Note
-------+----------+-------------------------------------------
     0 | D:1      | Kurtz the Octopode Fighter began the quest for the Orb.
     0 | D:1      | Reached XP level 1. HP: 16/16 MP: 1/1
   190 | D:1      | Reached XP level 2. HP: 21/21 MP: 2/2
   237 | D:1      | Reached skill level 3 in Axes
   400 | D:1      | Reached XP level 3. HP: 21/26 MP: 3/3
   985 | D:2      | Reached skill level 4 in Axes
  1028 | D:2      | Reached XP level 4. HP: 16/31 MP: 4/4
  1365 | D:2      | Found a faded altar of an unknown god.
  1429 | D:2      | Noticed an animated gold dragon scales
  1431 | D:2      | Found Daje's Armour Emporium.
  1446 | D:2      | Noticed an animated plate armour
  2018 | D:3      | Gained mutation: You expend magic power (3 MP) to
                  | strengthen your wands. [potion of mutation]
  2018 | D:3      | Gained mutation: You are partially covered in iridescent
                  | scales. (AC +2) [potion of mutation]
  2021 | D:3      | Succumbed to an orc wizard's poison

Illustrated notes

Levels and vault maps discovered:
D:1:      lemuel_arrival_lava_pool, layout_loops_ring
D:2:      cheibrodos_greedy_goblins, layout_loops_ring, serial_rivers,
          chequers_serial_rivers_micro_d, chequers_serial_rivers_large_a,
          chequers_serial_rivers_large_b, chequers_serial_rivers_micro_a,
          chequers_serial_rivers_small_b,
          dreamdust_ecumenical_altar_drowned_temple, serial_shops,
          nicolae_shop_mannequins
D:3:      layout_basic

Skill      XL: |  1  2  3 |
---------------+----------+-----
Axes           | 3 4 |  4.7
Fighting       | |  3.1
Dodging        | |  3.0
Shields        | |  3.0

Action                     |  1- 3 |  4- 6 || total
---------------------------+-------+-------++-------
  Melee: War axe           |    56 |    24 ||    80
         Constrict         |    11 |     4 ||    15
         Tentacles         |    10 |     3 ||    13
         Punch             |     1 |       ||     1
    Use: Potion            |     2 |     5 ||     7
   Stab: Sleeping          |     4 |     2 ||     6
 Armour: Skin              |    35 |    15 ||    50
  Dodge: Dodged            |    28 |     7 ||    35
  Block: Buckler           |    12 |     4 ||    16

Table legend: (Time is in decaauts)
 A = Elapsed time spent in this place.
 B = Non-inter-level travel time spent in this place.
 C = Inter-level travel time spent in this place.
 D = Time resting spent in this place.
 E = Time spent auto-exploring this place.
 F = Levels seen in this place.
 G = Mean time per level.
                   A        B        C        D        E       F      G
               +--------+--------+--------+--------+--------+-----+--------+
         Total |   2050 |   1935 |    115 |    271 |   1398 |   3 |  683.3 |
       Dungeon |   2050 |   1935 |    115 |    271 |   1398 |   3 |  683.3 |
               +--------+--------+--------+--------+--------+-----+--------+

Top non-repeatable levels by time:
     D:2: 1249 daAuts
     D:1: 730 daAuts
     D:3: 71 daAuts
